 Dungeon Crawl Stone Soup version 0.30.1-11-g7821555f0a (webtiles) character file.

Game seed: 11726479727884375168

51 SacredBeard the Grave Robber (level 3, -8/25 HPs)
             Began as a Demonspawn Necromancer on Nov 18, 2023.
             Killed by nerve-wracking pain
             ... invoked by Grinder
              (13 damage)
             ... on level 3 of the Dungeon.
             The game lasted 00:05:06 (2082 turns).

SacredBeard the Grave Robber (DsNe)                 Turns: 2082, Time: 00:05:07

Health: -8/25      AC:  5    Str:  8    XL:     3   Next: 57%
Magic:  5/6        EV: 12    Int: 16    God:
Gold:   102        SH:  0    Dex: 17    Spells: 5/6 levels left

rFire   + . .        e - +0 dagger
rCold   . . .        (no shield)
rNeg    . . .        k - +0 leather armour
rPois   .            (no helmet)
rElec   .            (no cloak)
rCorr   .            c - +0 pair of gloves
SInv    .            a - +0 pair of boots
Will    .....        (no amulet)
Stlth   +++          h - ring of protection from fire
HPRegen 0.24/turn    (no ring)
MPRegen 0.10/turn

%: no passive effects
@: lethally poisoned (-8 -> -13)
A: thin skeletal structure 1, powered by pain 1
a: no special abilities


You were on level 3 of the Dungeon.
You visited 1 branch of the dungeon, and saw 3 of its levels.

You collected 102 gold pieces.

Inventory:

Hand Weapons
 e - a +0 dagger (weapon)
Missiles
 d - 9 stones
Armour
 a - a +0 pair of boots (worn)
 c - a +0 pair of gloves (worn)
 k - a +0 leather armour (worn)
Jewellery
 h - a ring of protection from fire (left hand)
Scrolls
 f - 2 scrolls of fog {unknown}
 g - 2 scrolls of identify {unknown}
 j - a scroll of poison {unknown}
Potions
 b - a potion of magic
 i - 3 potions of flight {unknown}
 l - 2 potions of lignification {unknown}


   Skills:
 + Level 0.9 Fighting
 + Level 0.7 Throwing
 + Level 0.8 Armour
 - Level 2.0 Dodging
 + Level 2.2 Stealth
 - Level 2.0 Spellcasting
 * Level 5.0 Necromancy


You had 5 spell levels left.
You knew the following spells:

 Your Spells              Type           Power      Damage    Failure   Level
a - Necrotise             Necr           68%        1d7       3%          1

Your spell library contained the following spells:

 Spells                   Type           Power      Damage    Failure   Level
 Vampiric Draining        Necr           17%        2d7       11%         3
 Animate Dead             Necr           17%        N/A       36%         4
 Passwall                 Tmut/Erth      0%         N/A       41%         2
 Ignite Poison            Fire/Tmut/Pois 1%         N/A       65%         3
 Spider Form              Tmut/Pois      1%         N/A       65%         3
 Agony                    Necr           17%        N/A       71%         5
 Sticky Flame             Conj/Fire      1%         2d3       96%         4
 Ignition                 Fire           0%         3d3       100%        8


Dungeon Overview and Level Annotations

Branches:
Dungeon (3/15) Zot: 15917

Altars:

Shops:
D:1 (

Annotations:
D:2 Sigmund
D:3 Grinder


Innate Abilities, Weirdness & Mutations

You have a somewhat thin skeletal structure. (Dex +2, Stealth+)
You sometimes gain a little power by taking damage.


Message History

Throw: 11 stones
Press: ? - help, Shift-Dir - straight line, f/p - Grinder
Aim: Grinder (55% to hit)
You throw a stone. The stone barely misses Grinder.
Throw: 10 stones
Press: ? - help, Shift-Dir - straight line, f/p - Grinder
Aim: Grinder (55% to hit)
You throw a stone.
The stone hits Grinder but does no damage.
You hit Grinder but do no damage. Grinder gestures at you.
You resist with significant effort.
You hit Grinder but do no damage. Grinder misses you.
You hit Grinder.
Grinder is lightly wounded.
The adder bites you. Grinder hits you but does no damage.
The adder closely misses you.
You hit Grinder but do no damage.
Grinder is lightly wounded.
The adder barely misses you. Grinder closely misses you.
You hit Grinder.
Grinder is lightly wounded.
The adder completely misses you. Grinder hits you.
You barely miss Grinder.
Grinder is lightly wounded.
The adder misses you.
Grinder blinks!
The adder closely misses you. The adder bites you.
You are poisoned.
The adder poisons you!
Casting: Necrotise (safe; 3% risk of failure)
Confirm with . or Enter, or press ? or * to list all spells.
Aiming: Necrotise (safe; 3% risk of failure)
Press: ? - help, Shift-Dir - straight line, f - adder, p - Grinder
Aim: an adder (chance to affect: 81%)
The adder writhes in agony.
You feel sick. The adder bites you.
* * * LOW HITPOINT WARNING * * *
Grinder gestures at you. Pain shoots through your body!
Ouch! That really hurt!
You die...

#..#.# #.#.####
.#####......############
........................
........................
........................
........................
..5....S................
.......@................
........................
........................
........$...............
#....)..................
#.......................
#.......................
........................
..............


You could see Grinder and an adder.

Vanquished Creatures
  2 adders (D:2)
  2 dart slugs (D:2)
  5 bats
  3 goblins
  3 hobgoblins
  A quokka (D:2)
  4 ball pythons
  4 kobolds
  3 rats
27 creatures vanquished.

Vanquished Creatures (collateral kills)
  A ball python (D:1)
  An endoplasm (D:2)
  A frilled lizard (D:1)
3 creatures vanquished.

Grand Total: 30 creatures vanquished

Notes
Turn   | Place    | Note
-------+----------+-------------------------------------------
     0 | D:1      | SacredBeard the Demonspawn Necromancer began the quest for
                  | the Orb.
     0 | D:1      | Reached XP level 1. HP: 13/13 MP: 3/3
     2 | D:1      | Noticed an elf
     2 | D:1      | Noticed a human
     4 | D:1      | Noticed a merfolk
     4 | D:1      | Noticed a vampire
     6 | D:1      | Noticed a minotaur
     6 | D:1      | Noticed a formicid
     8 | D:1      | Noticed a ghoul
     8 | D:1      | Noticed a gargoyle
    10 | D:1      | Noticed a demonspawn
    14 | D:1      | Noticed a felid
    14 | D:1      | Noticed a spriggan
    16 | D:1      | Noticed a tengu
    16 | D:1      | Noticed an ogre
    18 | D:1      | Noticed a troll
    18 | D:1      | Noticed an octopode
    20 | D:1      | Noticed a vine stalker
    20 | D:1      | Noticed a demigod
    22 | D:1      | Noticed a meteoran
    22 | D:1      | Noticed a naga
    24 | D:1      | Noticed an armataur
    24 | D:1      | Noticed an armataur
    26 | D:1      | Noticed a minotaur
    26 | D:1      | Noticed an elf
   386 | D:1      | Gained mutation: You have a somewhat thin skeletal
                  | structure. (Dex +2, Stealth+) [demonic ancestry]
   386 | D:1      | Reached XP level 2. HP: 20/20 MP: 3/5
   894 | D:1      | Found Piel's Weapon Shop.
  1284 | D:2      | Got the Tome of Moulding
  1383 | D:2      | Gained mutation: You sometimes gain a little power by
                  | taking damage. [demonic ancestry]
  1383 | D:2      | Reached XP level 3. HP: 14/25 MP: 0/6
  1632 | D:2      | Reached skill level 5 in Necromancy
  1831 | D:2      | Noticed Sigmund
  2068 | D:3      | Noticed Grinder
  2082 | D:3      | Killed from afar by Grinder

Illustrated notes

Levels and vault maps discovered:
D:1:      kb_arrival_jail, layout_loops_corners, serial_shops, shop
D:2:      layout_loops_ring, uniq_sigmund
D:3:      layout_basic, grunt_ministairs_11, uniq_grinder

Skill      XL: |  1  2  3 |
---------------+----------+-----
Stealth        | 2 |  2.2
Dodging        | 2 |  2.0
Necromancy     | 5 |  5.0
Fighting       | |  0.9
Throwing       | |  0.7
Armour         | |  0.8
Spellcasting   | |  2.0

Action                     || total
---------------------------++-------
  Melee: Unarmed           ||     4
         Whip              ||     3
         Dagger            ||    13
  Throw: Stone             ||     6
   Cast: Necrotise         ||    59
 Armour: Robe              ||     7
         Leather armour    ||     1
  Dodge: Dodged            ||    21
